[Event "Catalan Youth-ch 2020"]
[Site "Salou"]
[Date "2020.09.07"]
[Round "5.2"]
[White "Rodriguez Gonzalez, Gerard"]
[Black "Bernado Lopez, Roger"]
[Result "0-1"]
[ECO "C76"]
[WhiteElo "1714"]
[BlackElo "2155"]
[Annotator "ChessBase"]
[PlyCount "78"]
[EventDate "2020.09.07"]
[EventType "swiss"]
[EventCountry "ESP"]
[SourceTitle "playchess.com"]
[Source "ChessBase"]
[SourceQuality "1"]
[TimeControl "5400+30"]

1. e4 e5 2. Nf3 Nc6 3. Bb5 a6 4. Ba4 g6 5. O-O Bg7 6. c3 d6 7. d4 Bd7 8. Nbd2 Nge7 9. dxe5 dxe5 10. Re1 O-O 11. Nf1 h6 12. Be3 Be6 13. Qc2 Qc8 14. Rad1 b5 15. Bb3 Na5 16. Bxe6 Qxe6 17. b3 Rfd8 18. Bc5 Nb7 19. Ba3 a5 20. Ne3 c6 21. h3 a4 22. Rxd8+ Nxd8 23. c4 axb3 24. Qxb3 Bf8 25. Rb1 f6 26. Ne1 Nb7 27. Nd3 Na5 28. Qc3 Nxc4 29. Bxe7 Bxe7 30. Nxc4 Qxc4 31. Qxc4+ bxc4 32. Nc1 Bc5 33. Kf1 Kf7 34. Rb7+ Ke6 35. Rg7 Rb8 36. Ke1 g5 37. Rh7 Rb2 38. a4 Bb4+ 39. Kd1 Rd2+ 0-1

[Event "Catalan Youth-ch 2020"]
[Site "Salou"]
[Date "2020.09.07"]
[Round "5.3"]
[White "Ribera Veganzones, Josep Maria"]
[Black "Masague Artero, Guerau"]
[Result "1/2-1/2"]
[ECO "B31"]
[WhiteElo "2101"]
[BlackElo "2320"]
[Annotator "ChessBase"]
[PlyCount "62"]
[EventDate "2020.09.07"]
[EventType "swiss"]
[EventCountry "ESP"]
[SourceTitle "playchess.com"]
[Source "ChessBase"]
[SourceQuality "1"]
[TimeControl "5400+30"]

1. e4 c5 2. Nf3 Nc6 3. Bb5 g6 4. O-O Bg7 5. Re1 Nf6 6. e5 Nd5 7. Nc3 Nc7 8. Bxc6 dxc6 9. Ne4 Ne6 10. d3 O-O 11. Be3 b6 12. Qd2 f5 13. exf6 exf6 14. Bh6 a5 15. a4 Ra7 16. Bxg7 Kxg7 17. Ng3 Re7 18. Re2 Nc7 19. Rxe7+ Qxe7 20. Re1 Qf7 21. Ne4 Be6 22. b3 Rd8 23. Qf4 Nd5 24. Qg3 Qd7 25. h4 h5 26. c4 Nc7 27. Ne5 fxe5 28. Qxe5+ Kh6 29. Qg5+ Kg7 30. Qe5+ Kh6 31. Qg5+ Kg7 1/2-1/2

[Event "Catalan Youth-ch 2020"]
[Site "Salou"]
[Date "2020.09.07"]
[Round "5.3"]
[White "Ano Pla, Gerard"]
[Black "Lambert Pont, Michael"]
[Result "1-0"]
[ECO "A36"]
[WhiteElo "1993"]
[BlackElo "1670"]
[Annotator "ChessBase"]
[PlyCount "99"]
[EventDate "2020.09.07"]
[EventType "swiss"]
[EventCountry "ESP"]
[SourceTitle "playchess.com"]
[Source "ChessBase"]
[SourceQuality "1"]
[TimeControl "5400+30"]

1. c4 Nf6 2. g3 c5 3. Bg2 Nc6 4. d3 g6 5. e4 Bg7 6. Ne2 d6 7. O-O O-O 8. Nbc3 Bd7 9. h3 a6 10. a4 Rb8 11. Be3 e5 12. Bg5 Ne7 13. f4 Ne8 14. Bxe7 Qxe7 15. Nd5 Qd8 16. f5 Nf6 17. Nec3 Bc6 18. g4 Bxd5 19. exd5 h6 20. Be4 g5 21. Ra3 Qd7 22. Rb3 b6 23. Kg2 Rb7 24. Rh1 Ne8 25. f6 Bxf6 26. Qf3 Be7 27. Ra1 Ng7 28. Bf5 Nxf5 29. gxf5 Kg7 30. Rf1 Bf6 31. Ne4 Rfb8 32. h4 Qe7 33. hxg5 hxg5 34. Qg4 Kf8 35. Rh1 b5 36. cxb5 axb5 37. Rh6 Kg7 38. Rxf6 Qxf6 39. Nxf6 Kxf6 40. a5 b4 41. d4 cxd4 42. Rh3 Rg8 43. Rh6+ Ke7 44. f6+ Kd8 45. a6 Rb6 46. Qe2 Kc7 47. Rh7 Rf8 48. Qc4+ Kb8 49. Kf3 Rc8 50. a7+ 1-0

[Event "Catalan Youth-ch 2020"]
[Site "Salou"]
[Date "2020.09.07"]
[Round "5.4"]
[White "Castillo Dalmau, Albert"]
[Black "Ros Alonso, Joana"]
[Result "1-0"]
[ECO "E60"]
[WhiteElo "2204"]
[BlackElo "2014"]
[Annotator "ChessBase"]
[PlyCount "117"]
[EventDate "2020.09.07"]
[EventType "swiss"]
[EventCountry "ESP"]
[SourceTitle "playchess.com"]
[Source "ChessBase"]
[SourceQuality "1"]
[TimeControl "5400+30"]

1. Nf3 Nf6 2. c4 g6 3. b3 Bg7 4. Bb2 d6 5. d4 d5 6. cxd5 Nxd5 7. e4 Nb6 8. Bb5+ c6 9. Be2 c5 10. Qd2 O-O 11. O-O Bg4 12. d5 Bxf3 13. Bxf3 e5 14. Rd1 Qd6 15. Na3 a6 16. Rac1 N8d7 17. Nc4 Nxc4 18. Rxc4 h5 19. b4 Rfc8 20. bxc5 Nxc5 21. Rdc1 Rc7 22. Qe3 Rac8 23. Ba3 Bf8 24. g4 b6 25. gxh5 gxh5 26. Bxh5 Bh6 27. Qg3+ Kh8 28. Bxc5 Rxc5 29. Rxc5 bxc5 30. Rc4 Rg8 31. Bg4 Bf4 32. Qh4+ Kg7 33. Bh3 Kf8+ 34. Kh1 Qb6 35. Bf1 Rg5 36. Qh3 Qg6 37. Bg2 Kg7 38. Qf3 Qb6 39. Qd1 Qg6 40. Qf1 Rh5 41. h3 Qb6 42. Rc3 Qa5 43. Qc4 Rg5 44. Bf3 Bd2 45. Rc2 Bb4 46. Bg4 Qa3 47. Kg2 Rg6 48. Qe2 Qa5 49. Qf3 Qd8 50. a3 Be1 51. Rxc5 Qd6 52. Rc6 Qe7 53. Rxg6+ fxg6 54. Qe2 Ba5 55. Qxa6 Qxa3 56. d6 Bb4 57. Qb7+ Kh6 58. d7 Be7 59. Qd5 1-0

[Event "Catalan Youth-ch 2020"]
[Site "Salou"]
[Date "2020.09.07"]
[Round "5.4"]
[White "Iborra Polo, Eric"]
[Black "Domene Mulyukov, Alexander"]
[Result "0-1"]
[ECO "B22"]
[WhiteElo "1640"]
[BlackElo "1931"]
[Annotator "ChessBase"]
[PlyCount "118"]
[EventDate "2020.09.07"]
[EventType "swiss"]
[EventCountry "ESP"]
[SourceTitle "playchess.com"]
[Source "ChessBase"]
[SourceQuality "1"]
[TimeControl "5400+30"]

1. e4 c5 2. c3 b6 3. d4 Bb7 4. Bd3 Nf6 5. Qe2 cxd4 6. cxd4 Nc6 7. Nf3 Nb4 8. Nc3 Nxd3+ 9. Qxd3 Qc8 10. a4 e6 11. e5 Nd5 12. Nxd5 Bxd5 13. Bd2 Be7 14. Rc1 Qb7 15. O-O g5 16. Qc3 h5 17. Ne1 a5 18. f4 gxf4 19. Rxf4 Bc6 20. Qg3 O-O-O 21. Rxf7 Rdg8 22. Rg7 Re8 23. Bg5 Bxg5 24. Qxg5 Kb8 25. b3 Ref8 26. Nd3 Ka7 27. Nf4 Rf5 28. Qg3 Re8 29. Ng6 Be4 30. Ne7 Rff8 31. d5 Bxd5 32. Nxd5 exd5 33. e6 Rxe6 34. Rxd7 Re1+ 35. Qxe1 Qxd7 36. Qe5 Rf5 37. Rc7+ Kb8 38. Rxd7+ Rxe5 39. Kf2 Kc8 40. Rf7 Kd8 41. h3 Ke8 42. Rf6 Kd7 43. Rxb6 d4 44. Rb5 Kd6 45. Rxe5 Kxe5 46. Ke2 h4 47. Kf3 Kd5 48. Kf4 Kc5 49. Ke4 Kb4 50. Kxd4 Kxb3 51. Kd3 Kxa4 52. Kc4 Ka3 53. Kc3 a4 54. Kc2 Kb4 55. Kb2 Kc4 56. Ka3 Kd3 57. Kxa4 Ke3 58. Kb3 Kf2 59. Kc2 Kxg2 0-1

[Event "Catalan Youth-ch 2020"]
[Site "Salou"]
[Date "2020.09.07"]
[Round "5.5"]
[White "Travesset Sagre, Jan"]
[Black "Moya Nunez, Pau Salvador"]
[Result "1/2-1/2"]
[ECO "A33"]
[WhiteElo "2093"]
[BlackElo "1990"]
[Annotator "ChessBase"]
[PlyCount "62"]
[EventDate "2020.09.07"]
[EventType "swiss"]
[EventCountry "ESP"]
[SourceTitle "playchess.com"]
[Source "ChessBase"]
[SourceQuality "1"]
[TimeControl "5400+30"]

1. Nf3 c5 2. c4 Nc6 3. d4 cxd4 4. Nxd4 Nf6 5. Nc3 e6 6. g3 Bb4 7. Bg2 Qb6 8. Ndb5 d5 9. O-O a6 10. Be3 Qd8 11. cxd5 exd5 12. Nd4 O-O 13. Nxc6 bxc6 14. Rc1 Bf5 15. Na4 Be4 16. Bxe4 Nxe4 17. Rxc6 Qd7 18. Qc2 Qh3 19. Qb3 Rfe8 20. Bd4 Qxf1+ 21. Kxf1 Nd2+ 22. Kg2 Nxb3 23. axb3 a5 24. Nb6 Rad8 25. e3 h6 26. Kf3 Re6 27. Rc7 Rdd6 28. Rb7 Rd8 29. Rc7 Rdd6 30. Rb7 Rd8 31. Rc7 Rdd6 1/2-1/2

[Event "Catalan Youth-ch 2020"]
[Site "Salou"]
[Date "2020.09.07"]
[Round "5.5"]
[White "Salinas Tomas, Daniel"]
[Black "Muntal Corrales, Arnau"]
[Result "1/2-1/2"]
[ECO "D35"]
[WhiteElo "1979"]
[BlackElo "1812"]
[Annotator "ChessBase"]
[PlyCount "38"]
[EventDate "2020.09.07"]
[EventType "swiss"]
[EventCountry "ESP"]
[SourceTitle "playchess.com"]
[Source "ChessBase"]
[SourceQuality "1"]
[TimeControl "5400+30"]

1. d4 d5 2. Nf3 Nf6 3. c4 e6 4. Nc3 Be7 5. Bf4 c6 6. e3 O-O 7. cxd5 exd5 8. Bd3 Bg4 9. h3 Bh5 10. g4 Bg6 11. Ne5 Bxd3 12. Qxd3 Nbd7 13. O-O Nxe5 14. dxe5 Nd7 15. Bh2 f6 16. exf6 Bxf6 17. Ne2 Be5 18. Ng3 Bxb2 19. Rab1 Be5 1/2-1/2

[Event "Catalan Youth-ch 2020"]
[Site "Salou"]
[Date "2020.09.07"]
[Round "5.6"]
[White "Alcala Gonzalez, Cesar"]
[Black "Ramon Herraez, Alex"]
[Result "1-0"]
[ECO "D46"]
[WhiteElo "2026"]
[BlackElo "1864"]
[Annotator "ChessBase"]
[PlyCount "61"]
[EventDate "2020.09.07"]
[EventType "swiss"]
[EventCountry "ESP"]
[SourceTitle "playchess.com"]
[Source "ChessBase"]
[SourceQuality "1"]
[TimeControl "5400+30"]

1. d4 d5 2. c4 c6 3. Nf3 Nf6 4. Nc3 e6 5. e3 Nbd7 6. Bd3 Be7 7. O-O O-O 8. b3 b6 9. Bb2 Bb7 10. Qc2 c5 11. cxd5 exd5 12. Ne5 Rc8 13. Nxd7 Qxd7 14. Bf5 Qd6 15. Nb5 Qb8 16. Bxc8 Rxc8 17. Qe2 a6 18. Nc3 Bd6 19. h3 Re8 20. Qd2 cxd4 21. exd4 Bb4 22. a3 Ne4 23. Qd3 Bxc3 24. Bxc3 Re6 25. f3 Ng5 26. Qf5 Rg6 27. h4 Ne6 28. Qe5 Qd8 29. f4 Rg4 30. f5 Re4 31. fxe6 1-0

[Event "Catalan Youth-ch 2020"]
[Site "Salou"]
[Date "2020.09.07"]
[Round "5.6"]
[White "Blasco Cardona, Pol"]
[Black "Aleksanyan Israilyan, Nicolas"]
[Result "1/2-1/2"]
[ECO "E38"]
[WhiteElo "1426"]
[BlackElo "1808"]
[Annotator "NA"]
[PlyCount "110"]
[EventDate "2020.09.07"]
[EventType "swiss"]
[EventCountry "ESP"]
[SourceTitle "playchess.com"]
[Source "ChessBase"]
[SourceQuality "1"]
[TimeControl "5400+30"]

1. d4 e6 2. c4 Nf6 3. Nc3 Bb4 4. Qc2 c5 5. e3 Nc6 6. Nf3 O-O 7. Bd3 cxd4 8. exd4 d5 9. cxd5 exd5 10. O-O h6 11. h3 a6 12. a3 Bd6 13. Be3 Be6 14. Bf5 Rc8 15. Bxe6 fxe6 16. Qd3 Ne7 17. Nh4 e5 18. dxe5 Bxe5 19. Rac1 d4 20. Nf3 dxc3 21. Nxe5 cxb2 22. Qb3+ Qd5 23. Qxb2 Nd7 24. Nxd7 Qxd7 25. Bc5 Rfe8 26. Bxe7 Qxe7 27. Rb1 b5 28. a4 bxa4 29. Qa2+ Qe6 30. Qxa4 Rc4 31. Qa5 Re4 32. Rb6 Qc4 33. Qxa6 Qc7 34. Rb7 Qe5 35. Qa1 Qg5 36. Qc1 Qg6 37. Qc2 Qf6 38. Qb2 Qg5 39. Rb8 Qf4 40. Rxe8+ Rxe8 41. Rb1 Qd6 42. Qb3+ Kh8 43. Rd1 Qc7 44. Qd3 Kg8 45. Qd5+ Kh8 46. Qd2 Qb8 47. g3 Rf8 48. Qd6 Qa8 49. Qd5 Qc8 50. Qd7 Qc5 51. Qd4 Qf5 52. Kg2 Qf3+ 53. Kg1 Qf5 54. Kg2 Qf3+ 55. Kg1 Qf5 1/2-1/2

[Event "Catalan Youth-ch 2020"]
[Site "Salou"]
[Date "2020.09.07"]
[Round "5.7"]
[White "Olcina Monells, Jordi"]
[Black "Martin Barcelo, Carles"]
[Result "0-1"]
[ECO "C11"]
[WhiteElo "1633"]
[BlackElo "2202"]
[Annotator "ChessBase"]
[PlyCount "98"]
[EventDate "2020.09.07"]
[EventType "swiss"]
[EventCountry "ESP"]
[SourceTitle "playchess.com"]
[Source "ChessBase"]
[SourceQuality "1"]
[TimeControl "5400+30"]

1. e4 e6 2. d4 d5 3. Nc3 Nf6 4. e5 Nfd7 5. f4 c5 6. Nf3 Nc6 7. Be3 Be7 8. Qd2 O-O 9. Be2 b6 10. O-O f5 11. Kh1 cxd4 12. Nxd4 Nxd4 13. Bxd4 Nc5 14. a3 g5 15. g3 Bb7 16. Kg1 Rc8 17. Rac1 a6 18. Qe3 b5 19. Qf2 Kh8 20. Bf3 h6 21. Ne2 Qd7 22. Be3 Na4 23. b3 Nc3 24. Nxc3 Rxc3 25. Bd4 Rc7 26. Bb2 Bc5 27. Bd4 Bxa3 28. Ra1 Bb4 29. Rfc1 Rfc8 30. Qe3 g4 31. Bd1 Bc3 32. Ra2 Qe7 33. Bxc3 Rxc3 34. Qd4 Rxb3 35. cxb3 Rxc1 36. Rc2 Rxc2 37. Bxc2 Qc7 38. Qb4 Kg8 39. Bd3 Qb6+ 40. Kf1 Kf7 41. Ke2 Bc8 42. Qc3 Bd7 43. Qb4 a5 44. Qc3 b4 45. Qc1 Ke7 46. Kf1 Qd4 47. Ba6 Kd8 48. Qb1 Qc3 49. Qa2 Qf3+ 0-1

[Event "Catalan Youth-ch 2020"]
[Site "Salou"]
[Date "2020.09.07"]
[Round "5.7"]
[White "Jove Albaiges, Guillem"]
[Black "Mompel Ferruz, Xavier"]
[Result "0-1"]
[ECO "D14"]
[WhiteElo "1491"]
[BlackElo "1505"]
[Annotator "NA"]
[PlyCount "52"]
[EventDate "2020.09.07"]
[EventType "swiss"]
[EventCountry "ESP"]
[SourceTitle "playchess.com"]
[Source "ChessBase"]
[SourceQuality "1"]
[TimeControl "5400+30"]

1. d4 d5 2. c4 c6 3. Nf3 Nf6 4. cxd5 cxd5 5. Bf4 Nc6 6. Nc3 Bf5 7. Qb3 Qb6 8. Qxb6 axb6 9. Nb5 Kd7 10. a3 e6 11. e3 Bb4+ 12. Ke2 Ra5 13. Nc3 Bxc3 14. bxc3 Rha8 15. g4 Bxg4 16. Bg2 Rxa3 17. Rxa3 Rxa3 18. Rb1 Rxc3 19. Rxb6 Rc2+ 20. Kf1 Kc8 21. e4 dxe4 22. Ng5 Nd5 23. Rb1 Nxf4 24. Bxe4 Rd2 25. Nxf7 Rxd4 26. Rc1 Bh3+ 0-1

[Event "Catalan Youth-ch 2020"]
[Site "Salou"]
[Date "2020.09.07"]
[Round "5.8"]
[White "Prats Safont, Sergi"]
[Black "Pueyo Amoros, Pau"]
[Result "1-0"]
[ECO "B41"]
[WhiteElo "2103"]
[BlackElo "1784"]
[Annotator "NA"]
[PlyCount "37"]
[EventDate "2020.09.07"]
[EventType "swiss"]
[EventCountry "ESP"]
[SourceTitle "playchess.com"]
[Source "ChessBase"]
[SourceQuality "1"]
[TimeControl "5400+30"]

1. e4 c5 2. Nf3 e6 3. d4 cxd4 4. Nxd4 a6 5. c4 Nf6 6. Nc3 Qc7 7. a3 Bd6 8. h3 O-O 9. Be3 Rd8 10. Be2 Nc6 11. O-O Bh2+ 12. Kh1 Bf4 13. Nc2 b6 14. Qd2 Bxe3 15. Qxe3 d5 16. cxd5 exd5 17. exd5 Nxd5 18. Nxd5 Rxd5 19. Qe8# 1-0

[Event "Catalan Youth-ch 2020"]
[Site "Salou"]
[Date "2020.09.07"]
[Round "5.8"]
[White "Lazaro del Arco, Martina"]
[Black "Prada Villagrasa, Pau Manel"]
[Result "0-1"]
[ECO "A48"]
[WhiteElo "1255"]
[BlackElo "1573"]
[Annotator "NA"]
[PlyCount "88"]
[EventDate "2020.09.07"]
[EventType "swiss"]
[EventCountry "ESP"]
[SourceTitle "playchess.com"]
[Source "ChessBase"]
[SourceQuality "1"]
[TimeControl "5400+30"]

1. d4 Nf6 2. Nf3 g6 3. Bf4 Bg7 4. e3 d6 5. h3 O-O 6. Bd3 Nbd7 7. O-O Re8 8. Bh2 b6 9. c4 c5 10. d5 Bb7 11. Nc3 Nb8 12. Rc1 e5 13. e4 a6 14. b3 Nh5 15. Ne2 f5 16. Nc3 f4 17. Qc2 h6 18. Na4 g5 19. Rfd1 Bc8 20. Be2 Nf6 21. Kh1 Nh7 22. Ng1 Nf6 23. g4 Bd7 24. Nc3 Rf8 25. f3 h5 26. Rf1 Qe8 27. Rf2 b5 28. Rb1 Ra7 29. Rb2 Rb7 30. Nd1 Qg6 31. Rg2 Qh6 32. Nf2 Bc8 33. a3 b4 34. a4 Rbf7 35. h4 hxg4 36. hxg5 Qxg5 37. Nxg4 Nxg4 38. fxg4 f3 39. Bxf3 Rxf3 40. Nxf3 Rxf3 41. Qd2 Qh4 42. Qe2 Bxg4 43. Qd2 Rf1+ 44. Rg1 Bf3+ 0-1

[Event "Catalan Youth-ch 2020"]
[Site "Salou"]
[Date "2020.09.08"]
[Round "6.3"]
[White "Lobo Pereira, Arami"]
[Black "Parra Ordorica, Arnau"]
[Result "0-1"]
[ECO "D13"]
[WhiteElo "1788"]
[BlackElo "1808"]
[Annotator "NA RC"]
[PlyCount "118"]
[EventDate "2020.09.07"]
[EventType "swiss"]
[EventCountry "ESP"]
[SourceTitle "playchess.com"]
[Source "ChessBase"]
[SourceQuality "1"]
[TimeControl "5400+30"]

1. d4 d5 2. c4 c6 3. Nc3 Nf6 4. cxd5 cxd5 5. Bf4 Nc6 6. e3 a6 7. a3 Bf5 8. Bd3 Bxd3 9. Qxd3 e6 10. Rc1 Be7 11. Nf3 Rc8 12. O-O O-O 13. Na4 {[%emt 0:10:00] D13: Slav Defence: Exchange variation without ...Bf5.} Ne4 {[%emt 0:04:40] [#]} 14. Nc5 $146 ({White should try Predecessor:} 14. Nd2 $11 Nxd2 15. Qxd2 Qa5 16. Qxa5 Nxa5 17. Nb6 Rc6 18. Rxc6 Nxc6 19. Rc1 f6 20. Bg3 g5 {½-½ (102) Ananya,R (1395)-Xu,Y (1803) Durban 2014}) 14... Nxc5 (14... Bxc5 $15 15. dxc5 Qe7) 15. dxc5 Bf6 16. Bd6 Be7 17. Bxe7 Qxe7 18. Rfd1 Rfd8 19. b4 e5 20. Qf5 g6 21. Qg4 f5 22. Qh4 (22. Qg3 $11) 22... Qxh4 23. Nxh4 e4 24. g3 Ne5 25. Ng2 g5 26. Kf1 Nd3 27. Rc2 Rd7 28. Ne1 Ne5 29. Rd4 Kf7 30. Ke2 Rcd8 31. Rb2 h6 32. Rb1 Nc6 33. Rd2 d4 34. exd4 Nxd4+ 35. Kd1 Ke6 36. Rbb2 Nb5 37. a4 Nc3+ 38. Kc1 a5 ({Black should try} 38... Ke5 $19 39. a5 Rd4) 39. bxa5 Nxa4 40. Rxd7 Rxd7 41. Rb5 Rc7 42. Nc2 (42. Kd2 $15) 42... Nxc5 43. Nd4+ Ke5 44. Nb3 {[%emt 0:00:18] [#]} (44. Nc2 $17 {is the only way for White.}) 44... Kd5 $1 45. Kb2 $2 (45. Nd2 Kd4 46. Rb4+ Kd3 47. Kd1) 45... Kc4 46. Rb6 Nxb3 47. Rxb3 Rd7 48. Rb6 $2 (48. Rc3+ Kb4 49. Kc2) 48... Rd2+ (48... Kd3 $142 49. Kc1 Ke2) 49. Kc1 $2 (49. Ka3 {nothing else works.} Rd1 50. Kb2) 49... Rxf2 50. Rxh6 f4 51. gxf4 gxf4 52. Kd1 Kd3 $19 53. Rd6+ Ke3 54. Rb6 Rxh2 55. Rxb7 Ra2 56. Rb3+ Kf2 57. a6 e3 58. Kc1 e2 59. Rb2 Rxb2 0-1

[Event "Catalan Youth-ch 2020"]
[Site "Salou"]
[Date "2020.09.08"]
[Round "6.4"]
[White "Parra Ordorica, Gorka"]
[Black "Pera Muntasell, Marc"]
[Result "0-1"]
[ECO "E00"]
[WhiteElo "1883"]
[BlackElo "1890"]
[Annotator "NA RC"]
[PlyCount "46"]
[EventDate "2020.09.07"]
[EventType "swiss"]
[EventCountry "ESP"]
[SourceTitle "playchess.com"]
[Source "ChessBase"]
[SourceQuality "1"]
[TimeControl "5400+30"]

1. d4 Nf6 2. c4 e6 3. g3 a6 4. Bg2 Be7 5. Nf3 b5 6. Ne5 {[%emt 0:06:17] E00: Catalan Bogo-Indian (3 g3 Bb4+).} c6 {[%emt 0:03:41] [#]} (6... Ra7 $1 $11) 7. d5 $146 ({Better is Predecessor:} 7. c5 $1 $16 Bb7 8. O-O d6 9. cxd6 Bxd6 10. Nd3 Nbd7 11. e4 Be7 12. e5 Nd5 13. Qg4 {1-0 (37) Thapa,K (1916)-Kusatha,N (1865) Budhanilkantha 2019}) 7... cxd5 8. cxd5 Bb7 9. Nxf7 Kxf7 10. dxe6+ dxe6 11. Qxd8 Rxd8 12. Bxb7 Ra7 13. Bg2 Rad7 {[%emt 0:09:53] [#]} 14. O-O $1 Rd1 15. Bf4 Rxf1+ 16. Bxf1 Rd1 17. Bxb8 Nd7 18. a4 (18. Bc7 $14) 18... b4 19. Bc7 {[%emt 0:00:59] [#]} ({Better is} 19. Ba7 $1 $15 Bc5 20. Bxc5 Nxc5 21. a5) 19... Nc5 $1 20. Bf4 (20. e4 $17 {might work better.}) 20... Nb3 21. Ra2 Rxb1 22. Kg2 $2 (22. a5) 22... Nc1 23. Bxc1 b3 $19 ({And not} 23... Rxc1 24. b3 $14) 0-1

[Event "Catalan Youth-ch 2020"]
[Site "Salou"]
[Date "2020.09.08"]
[Round "6.5"]
[White "Muntal Corrales, Arnau"]
[Black "Lambert Pont, James"]
[Result "1/2-1/2"]
[ECO "D36"]
[WhiteElo "1812"]
[BlackElo "1574"]
[Annotator "NA RC"]
[PlyCount "79"]
[EventDate "2020.09.07"]
[EventType "swiss"]
[EventCountry "ESP"]
[SourceTitle "playchess.com"]
[Source "ChessBase"]
[SourceQuality "1"]
[TimeControl "5400+30"]

1. d4 d5 2. c4 e6 3. Nc3 Nf6 4. cxd5 exd5 5. Bg5 c6 6. e3 Bd6 7. Qc2 O-O {[%emt 0:01:37] D36: Queen's Gambit Declined: Exchange Variation: Main line (5 Bg5 c6 6 Qc2).} 8. Bd3 h6 9. Bh4 Re8 10. Nge2 a5 11. O-O {[%emt 0:04:52] [#]} (11. a3 $11 {keeps the balance.}) 11... Bxh2+ $1 12. Kxh2 Ng4+ {[%emt 0:00:45] Discovered Attack} 13. Kg3 g5 14. Bf5 gxh4+ 15. Kh3 {[%emt 0:02:40] [#]} h5 $1 16. g3 {[%emt 0:04:43] [#]} Kh8 $146 ({Black should play} 16... Nh6 $17 17. Bxc8 Qxc8+ 18. Kg2 Qg4) ({Predecessor:} 16... Re4 17. Bxc8 Qxc8 18. Kg2 Qf5 19. Ng1 hxg3 20. Nxe4 dxe4 21. Kxg3 h4+ 22. Kxh4 Nd7 23. f3 Ngf6 24. Kg3 Kf8 25. Qh2 Ke7 26. Kf2 Ng4+ {0-1 (26) Litvinov,V-Anufrienko,D (1953) Barnaul 2013}) 17. Nf4 (17. Kg2 $11) 17... hxg3 18. Bxc8 (18. Nxh5 $15 Re4 19. Nxg3 Bxf5 20. Nxf5) 18... Qxc8 19. Kg2 gxf2 20. Nd1 Nxe3+ 21. Nxe3 Rxe3 22. Qxf2 Qg4+ 23. Kh2 Re4 24. Rae1 Nd7 25. Rxe4 dxe4 26. Rg1 Qf5 27. Qh4 {[%emt 0:03:27] [#]} Nf6 ({Better is} 27... Rg8 $1 $19 28. Nxh5 Rxg1 29. Kxg1 Kg8 30. Qg3+ Qg6 31. Qxg6+ fxg6) 28. Rg5 Qh7 29. Rc5 ({Better is} 29. d5 $1 $15) 29... Qh6 (29... Ng4+ $17 30. Kh3 f5) 30. Rf5 $1 Ng4+ $2 (30... Nh7 $1 $11 {and Black is okay.}) 31. Kh1 Kg8 32. Rg5+ Kf8 {[%emt 0:00:27] [#]} 33. Rxg4 $18 {[%emt 0:00:24] Pin} Qd6 34. Rg1 Qxd4 35. Qg5 Rd8 36. Qf5 Ke7 37. Qg5+ Qf6 38. Qxf6+ Kxf6 39. Nxh5+ Ke5 40. Rg2 1/2-1/2

[Event "Catalan Youth-ch 2020"]
[Site "Salou"]
[Date "2020.09.08"]
[Round "6.6"]
[White "Marcos Rodriguez, Raul"]
[Black "Iborra Polo, Eric"]
[Result "1/2-1/2"]
[ECO "B32"]
[WhiteElo "1459"]
[BlackElo "1640"]
[Annotator "NA RC"]
[PlyCount "84"]
[EventDate "2020.09.07"]
[EventType "swiss"]
[EventCountry "ESP"]
[SourceTitle "playchess.com"]
[Source "ChessBase"]
[SourceQuality "1"]
[TimeControl "5400+30"]

1. e4 c5 2. Nf3 Nc6 3. d4 cxd4 4. Nxd4 e5 5. Nb5 a6 6. Nd6+ Bxd6 7. Qxd6 Qe7 8. Qd1 Nf6 9. Nc3 d6 10. Bg5 Be6 11. Nd5 Bxd5 12. exd5 Nb8 13. Be2 O-O 14. O-O h6 15. Be3 Nbd7 16. c4 Nh7 17. Rc1 Rac8 18. b4 f5 19. f3 g5 20. c5 Nhf6 21. Bc4 e4 22. f4 Ng4 23. Qe2 Nxe3 24. Qxe3 Kh7 25. cxd6 Qf6 26. fxg5 hxg5 27. g4 Ne5 28. Qh3+ Qh6 29. Qxh6+ Kxh6 30. Be2 f4 31. Rc7 f3 32. Bd1 Nxg4 33. Bxf3 exf3 34. Rxf3 Rxf3 35. Rxc8 Rf7 36. Rc7 Rf6 37. d7 Rd6 38. Rc6 bxc6 39. dxc6 Rd1+ 40. Kg2 Ne5 41. c7 Rd2+ 42. Kg1 Ng4 1/2-1/2

[Event "Catalan Youth-ch 2020"]
[Site "Salou"]
[Date "2020.09.08"]
[Round "6.7"]
[White "Mompel Ferruz, Xavier"]
[Black "Prada Villagrasa, Pau Manel"]
[Result "1/2-1/2"]
[ECO "C28"]
[WhiteElo "1505"]
[BlackElo "1573"]
[Annotator "NA RC"]
[PlyCount "70"]
[EventDate "2020.09.07"]
[EventType "swiss"]
[EventCountry "ESP"]
[SourceTitle "playchess.com"]
[Source "ChessBase"]
[SourceQuality "1"]
[TimeControl "5400+30"]

1. e4 e5 2. Nc3 Nf6 3. Bc4 Nc6 4. d3 Na5 5. Nge2 Nxc4 6. dxc4 d6 7. Qd3 Be6 8. Be3 Be7 9. O-O-O Ng4 10. Ng3 Bg5 11. Rdf1 Bxe3+ 12. fxe3 Qd7 13. Nf5 Bxf5 14. Rxf5 O-O-O 15. Rhf1 f6 16. Rh1 Kb8 17. h3 Nh6 18. Rf2 Nf7 19. Rd1 Qc6 20. Rfd2 Ng5 21. b4 Qa6 22. Kb2 Qb6 23. a3 Ne6 24. Ka2 c5 25. Nd5 Qa6 26. b5 Qa5 27. Qc3 Qxc3 28. Nxc3 Kc7 29. b6+ axb6 30. Rxd6 Rxd6 31. Nb5+ Kb8 32. Rxd6 Ng5 33. Rd7 Nxe4 34. Rxg7 Kc8 35. Rf7 h5 1/2-1/2

[Event "Catalan Youth-ch 2020"]
[Site "Salou"]
[Date "2020.09.08"]
[Round "6.8"]
[White "Jordana Nagera, Pol"]
[Black "Sanchez Vacova, Alejandro"]
[Result "1/2-1/2"]
[ECO "B77"]
[WhiteElo "1229"]
[BlackElo "1149"]
[Annotator "NA RC"]
[PlyCount "54"]
[EventDate "2020.09.07"]
[EventType "swiss"]
[EventCountry "ESP"]
[SourceTitle "playchess.com"]
[Source "ChessBase"]
[SourceQuality "1"]
[TimeControl "5400+30"]

1. e4 c5 2. Nf3 g6 3. d4 cxd4 4. Nxd4 Bg7 5. Be3 Nc6 6. Nc3 Nf6 7. Bc4 d6 8. f3 Bd7 9. Qd2 a6 10. Bb3 Na5 11. O-O Nxb3 12. axb3 O-O 13. Rad1 Rc8 14. Ra1 Re8 15. Nb1 Qc7 16. c4 Bc6 17. Nc3 Nd7 18. Rfc1 Nc5 19. Nd5 Bxd5 20. cxd5 Qd7 21. Qd1 e6 22. dxe6 Nxe6 23. Nxe6 Qxe6 24. Rxc8 Rxc8 25. Rc1 Rxc1 26. Qxc1 Qd7 27. Qd2 Qc7 1/2-1/2